 Dungeon Crawl Stone Soup version 0.27.1 (webtiles) character file.

Game seed: 18339818041342992861

56 MajorAdolf the Skirmisher (level 3, -2/36 HPs)
             Began as a Naga Wanderer on Aug 22, 2021.
             Was an Initiate of Gozag.
             Slain by a black bear (5 damage)
             ... on level 4 of the Dungeon.
             The game lasted 00:04:23 (3782 turns).

MajorAdolf the Skirmisher (Naga Wanderer)           Turns: 3782, Time: 00:04:23

Health: -2/36      AC:  2    Str: 13    XL:     3   Next: 97%
Magic:  2/6        EV:  9    Int: 15    God:    Gozag
Gold:   122        SH:  0    Dex:  9    Spells: 2/6 levels left

rFire    . . .     SeeInvis +   a - +2 short sword
rCold    . . .     Faith    .   (no shield)
rNeg     . . .     Spirit   .   c - +0 robe
rPois    +         Reflect  .   (no helmet)
rElec    .         Harm     .   (no cloak)
rCorr    .         Rampage  .   (no gloves)
Will     .....                  (no barding)
Stlth    ++........             (no amulet)
HPRegen  0.12/turn              (no ring)
MPRegen  0.10/turn              (no ring)

@: very slightly contaminated, very slow
A: AC +1, large, see invisible, deformed body, poison resistance, slowness 2,
spit poison 1, naga tail 1
a: Spit Poison, Renounce Religion, Potion Petition, Call Merchant, Bribe Branch


You were on level 4 of the Dungeon.
You worshipped Gozag.
Gozag was aware of your devotion.
You visited 1 branch of the dungeon, and saw 4 of its levels.

You collected 156 gold pieces.
You paid 34 gold pieces to Gozag.

Inventory:

Hand Weapons
 a - a +2 short sword (weapon)
 b - a +0 falchion
 d - a +0 dagger
Armour
 c - a +0 robe (worn)
Jewellery
 i - an amulet of the acrobat
Scrolls
 f - 2 scrolls of identify {unknown}
 h - a scroll of fear {unknown}
 j - a scroll of enchant weapon {unknown}
 k - a scroll of summoning {unknown}
 l - a scroll of immolation {unknown}
 m - a scroll of silence {unknown}
Potions
 e - 3 potions of mutation {unknown}
 g - a potion of brilliance {unknown}


   Skills:
 - Level 4.0 Fighting
 - Level 1.0 Short Blades
 - Level 3.0 Stealth
 - Level 2.0 Spellcasting
 + Level 2.7 Ice Magic
 - Level 2.6 Poison Magic


You had 2 spell levels left.
You knew the following spells:

 Your Spells              Type           Power      Damage    Failure   Level
a - Freeze                Ice            36%        1d6       7%          1
b - Frozen Ramparts       Ice            18%        1d3       22%         3

Your spell library contained the following spells:

 Spells                   Type           Power      Damage    Failure   Level


Dungeon Overview and Level Annotations

Branches:
Dungeon (4/15)
 Temple: D:4-7

Altars:
Gozag


Innate Abilities, Weirdness & Mutations

Your serpentine skin is tough. (AC +1)
You have supernaturally acute eyesight. (SInv)
Armour fits poorly on your strangely shaped body.
Your system is resistant to poisons. (rPois)
You cover ground very slowly.
You can spit poison.
You have a snake-like lower body.


Message History

You hit the black bear but do no damage.
The black bear is moderately wounded.
The wall freezes the black bear.
The black bear bites you. The black bear claws you.
The black bear barely misses you.
You hit the black bear.
The black bear is heavily wounded.
The wall freezes the black bear.
The black bear barely misses you. The black bear closely misses you.
The black bear claws you.
You hit the black bear.
The black bear is severely wounded.
The wall freezes the black bear.
The black bear goes berserk!
You are too injured to fight recklessly!
Casting: Frozen Ramparts (quite dangerous; 22% risk of failure)
Confirm with . or Enter, or press ? or * to list all spells.
Aiming: Freeze (safe; 7% risk of failure)
Press: ? - help, Shift-Dir - straight line, f - black bear
Aim: a black bear (almost dead, berserk)
You miscast Freeze.
You are very lightly contaminated with residual magic.
Nothing appears to happen.
The frozen ramparts melt away.
The black bear bites you. The black bear claws you.
* * * LOW HITPOINT WARNING * * *
The black bear claws you.
* * * LOW HITPOINT WARNING * * *
Casting: Freeze (safe; 7% risk of failure)
Confirm with . or Enter, or press ? or * to list all spells.
You don't know that spell.
Unknown command.
Okay, then.
Okay, then.
Casting: Freeze (safe; 7% risk of failure)
Confirm with . or Enter, or press ? or * to list all spells.
Aiming: Freeze (safe; 7% risk of failure)
Press: ? - help, Shift-Dir - straight line, f/p - black bear
Aim: a black bear (almost dead, berserk)
You freeze the black bear.
The black bear is almost dead.
The black bear bites you.
You die...
Your body crumbles into a pile of gold.

##########
#.<.......
#.######## #.#
#.# #@# #h# #o#
#.# ###
##.##....>
#$........
........##.##..
#........ #
##########


You could see a black bear (berserk) and an orc.

Vanquished Creatures
  An adder (D:2)
  4 endoplasms
  2 giant cockroaches (D:2)
  3 goblins
  4 hobgoblins
  7 jackals
  A quokka (D:1)
  7 ball pythons
  2 bats
  3 frilled lizards
  7 kobolds
  4 rats
45 creatures vanquished.

Notes
Turn   | Place    | Note
-------+----------+-------------------------------------------
     0 | D:1      | MajorAdolf the Naga Wanderer began the quest for the Orb.
     0 | D:1      | MajorAdolf set off with the following items: a +2 short
                  | sword, a +0 falchion, a +0 robe, a +0 dagger; and the
                  | following spell memorised: Freeze; and the following spells
                  | available to memorise: Frozen Ramparts
     0 | D:1      | Reached XP level 1. HP: 22/22 MP: 2/2
    69 | D:1      | Found a faded altar of an unknown god.
   489 | D:1      | Reached skill level 1 in Ice Magic
   489 | D:1      | Reached XP level 2. HP: 28/30 MP: 4/4
  1139 | D:2      | Reached XP level 3. HP: 19/36 MP: 0/5
  1413 | D:2      | Learned a level 3 spell: Frozen Ramparts
  3360 | D:3      | Found an opulent altar of Gozag.
  3447 | D:3      | Became a worshipper of Gozag Ym Sagoz the Greedy
  3767 | D:4      | Noticed a black bear
  3782 | D:4      | Slain by a black bear

Illustrated notes

Levels and vault maps discovered:
D:1:      shiori_arrival_elements, layout_basic,
          shapermc_ecumenical_altar_mp_ritualfount
D:2:      layout_basic, st_stairs_5
D:3:      layout_basic, grunt_gozag_statues
D:4:      layout_loops_ring, minmay_goblin_kobold_house,
          uniq_crazy_yiuf_cottage, uniq_edmund

Skill      XL: |  1  2  3 |
---------------+----------+-----
Ice Magic      | 1 2 |  2.7
Spellcasting   | 2 |  2.0
Fighting       | |  4.0
Short Blades   | |  1.0
Stealth        | |  3.0
Poison Magic   | |  2.6

Action                   || total
-------------------------++-------
Melee: Short sword       ||    40
 Cast: Freeze            ||    29
       Frozen Ramparts   ||     1
 Abil: Spit Poison       ||    27
 Stab: Sleeping          ||     3
Armor: Robe              ||     8
Dodge: Dodged            ||    31
